 Dungeon Crawl Stone Soup version 0.31-a0-960-g0fca184906 (webtiles) character file.

Game seed: 3525459686681183338

106 lunkers the Insei (level 5, 0/40 HPs)
             Began as a Meteoran Shapeshifter on Oct 23, 2023.
             Slain by Edmund
             ... wielding a +1 dire flail of protection
              (12 damage)
             ... on level 4 of the Dungeon.
             The game lasted 00:02:38 (1102 turns).

lunkers the Insei (Meteoran Shapeshifter)           Turns: 1102, Time: 00:02:39

Health: 0/40       AC:  5    Str: 15    XL:     5   Next: 32%
Magic:  6/6        EV: 16    Int: 11    God:
Gold:   75         SH:  5    Dex: 16    Spells: 4/4 levels left

rFire   . .          .
                       - Unarmed
rCold   . . .        (no shield)
rNeg    . . .        f - +0 ring mail
rPois   +            (helmet currently unavailable)
rElec   .            (cloak currently unavailable)
rCorr   .            (gloves currently unavailable)
SInv    .            (boots currently unavailable)
Will    .....        e - amulet of reflection
Stlth   +            r - +5 ring of evasion
HPRegen 0.26/turn    k - ring of poison resistance
MPRegen 0.10/turn

%: reflection
@: beast-form, glowing
A: beast (slay +2), sense surroundings 1, otherworldly, glowing, explore regen
a: Begin Untransformation


You were on level 4 of the Dungeon.
You were a hulking beast.
You visited 1 branch of the dungeon, and saw 4 of its levels.

You collected 75 gold pieces.

Inventory:

Armour
 a - a +0 animal skin
 f - a +0 ring mail (worn)
Jewellery
 e - an amulet of reflection (around neck)
 g - a +6 ring of strength
 k - a ring of poison resistance (right hand)
 p - a +6 ring of intelligence
 r - a +5 ring of evasion (left hand)
Talismans
 c - a beast talisman
 d - a flux talisman
Wands
 b - a wand of flame (18)
Scrolls
 m - a scroll of teleportation {unknown}
 n - a scroll of identify {unknown}
 o - a scroll of amnesia {unknown}
 s - a scroll of brand weapon {unknown}
Potions
 h - 2 potions of might {unknown}
 i - a potion of ambrosia {unknown}
 j - 3 potions of heal wounds {unknown}
 l - a potion of haste {unknown}
 q - a potion of attraction {unknown}


   Skills:
 - Level 1.1 Fighting
 - Level 2.1 Dodging
 * Level 5.7 Unarmed Combat
 + Level 4.6 Shapeshifting


You had 4 spell levels left.
You didn't know any spells.
Your spell library contained the following spells:

 Spells                   Type           Power      Damage    Failure   Level
 Ensorcelled Hibernation  Hex/Ice        0%         N/A       71%         2
 Jinxbite                 Hex            0%         N/A       71%         2
 Sublimation of Blood     Necr           0%         N/A       71%         2
 Frozen Ramparts          Ice            0%         1d1       91%         3
 Anguish                  Hex/Necr       0%         N/A       100%        4
 Petrify                  Tmut/Erth      0%         N/A       100%        4
 Irradiate                Conj/Tmut      0%         3d11      100%        5
 Metabolic Englaciation   Hex/Ice        0%         N/A       100%        5


Dungeon Overview and Level Annotations

Branches:
Dungeon (4/15) Zot: 1308
 Temple: D:4-7

Altars:

Annotations:
D:4 Edmund


Innate Abilities, Weirdness & Mutations

You are a hulking beast.
Your limbs bulge with bestial killing power. (Slay +2)
You passively map a small area around you.
You are easily found by Zot.
You glow in the dark.
You regain HP and MP as you explore.


Message History

You climb downwards.
There is a stone staircase leading up here.
Edmund the Younger comes into view.
He is wielding a +1 dire flail of protection.
Edmund shouts!
Edmund moves out of view.
No target in view!
No target in view!
Found a scroll labelled YSEINU FIFEUKH.
Edmund hits you with a +1 dire flail of protection.
You hit Edmund.
Edmund is lightly wounded.
A giant cockroach comes into view.
You punch Edmund!
Edmund is moderately wounded.
Edmund hits you with a +1 dire flail of protection!
You hit Edmund but do no damage.
Edmund is moderately wounded.
Edmund hits you with a +1 dire flail of protection.
You hit Edmund but do no damage.
Edmund is moderately wounded.
Edmund misses you.
You hit Edmund.
Edmund is moderately wounded.
Edmund hits you with a +1 dire flail of protection!
* * * LOW HITPOINT WARNING * * *
You block the giant cockroach's attack.
Okay, then.
You punch Edmund! You punch Edmund, but do no damage.
Edmund is heavily wounded.
Edmund closely misses you.
Unknown command.
You hit Edmund. You punch Edmund, but do no damage.
Edmund is severely wounded.
Edmund hits you with a +1 dire flail of protection!
* * * LOW HITPOINT WARNING * * *
You hit Edmund.
Edmund is severely wounded.
Edmund hits you with a +1 dire flail of protection!
You die...
Edmund whines, "They better pay attention to me now!"

, * ###
###.###
##.#...##
#..h...<#
##@###..#
#B.##..#
,
#..#...#
,
#....###*
, .....#
* * ,
##...?.,
*
#......*
, ,
....###


You could see Edmund and a giant cockroach.

Vanquished Creatures
  Ijyb (D:3)
  A gnoll (D:3)
  2 adders (D:3)
  2 worms
  2 dart slugs
  5 orcs (D:3)
  7 endoplasms
  2 goblins
  2 hobgoblins
  2 quokkas
  4 ball pythons
  3 bats
  A frilled lizard (D:2)
  A kobold (D:1)
  2 rats
37 creatures vanquished.

Notes
Turn   | Place    | Note
-------+----------+-------------------------------------------
     0 | D:1      | lunkers the Meteoran Shapeshifter began the quest for the
                  | Orb.
     0 | D:1      | Reached XP level 1. HP: 16/16 MP: 2/2
    90 | D:1      | Reached XP level 2. HP: 23/23 MP: 3/3
   102 | D:1      | Reached skill level 4 in Unarmed Combat
   458 | D:2      | Reached XP level 3. HP: 28/28 MP: 4/4
   748 | D:3      | Noticed Ijyb
   750 | D:3      | Reached XP level 4. HP: 34/35 MP: 5/5
   760 | D:3      | Reached skill level 5 in Unarmed Combat
   766 | D:3      | Killed Ijyb
   922 | D:3      | Reached XP level 5. HP: 37/40 MP: 6/6
  1090 | D:4      | Noticed Edmund
  1102 | D:4      | Slain by Edmund

Illustrated notes

Levels and vault maps discovered:
D:1:      nzn_arrival_depleted_hourglass, layout_rooms
D:2:      layout_loops_cross, hellmonk_ecumenical_altar_crossroads,
          nicolae_eternal_life
D:3:      layout_basic, serial_co_window_serial, co_window_paths_a,
          co_window_paths_a, co_window_of_opportunity_a, co_window_paths_a,
          co_window_corner_a, co_window_corner_a, co_window_unsneaky_path_a,
          co_window_unsneaky_path_d, co_window_of_opportunity_b,
          co_window_of_opportunity_b, glass_columns_c, glass_columns_a,
          glass_columns_b, glass_columns_b, glass_columns_a, minmay_quantized,
          uniq_grinder, uniq_ijyb
D:4:      layout_cave_pools, lemuel_round_altar, uniq_edmund

Skill      XL: |  1  2  3  4 |
---------------+-------------+-----
Unarmed Combat | 4 5 |  5.7
Shapeshifting  | 4 |  4.6
Fighting       | |  1.1
Dodging        | |  2.1

Action                     |  1- 3 |  4- 6 || total
---------------------------+-------+-------++-------
  Melee: Unarmed           |    63 |    43 ||   106
         Punch             |     2 |     3 ||     5
    Use: Potion            |       |     1 ||     1
 Armour: Animal skin       |     4 |       ||     4
         Ring mail         |    19 |    15 ||    34
         Skin              |       |     5 ||     5
  Dodge: Dodged            |    34 |    13 ||    47
  Block: Other             |    15 |     5 ||    20
         Reflection        |     1 |       ||     1

Table legend: (Time is in decaauts)
 A = Elapsed time spent in this place.
 B = Non-inter-level travel time spent in this place.
 C = Inter-level travel time spent in this place.
 D = Time resting spent in this place.
 E = Time spent auto-exploring this place.
 F = Levels seen in this place.
 G = Mean time per level.
                   A        B        C        D        E       F      G
               +--------+--------+--------+--------+--------+-----+--------+
         Total |   1090 |   1090 |      0 |     32 |    747 |   4 |  272.5 |
       Dungeon |   1090 |   1090 |      0 |     32 |    747 |   4 |  272.5 |
               +--------+--------+--------+--------+--------+-----+--------+

Top non-repeatable levels by time:
     D:2: 449 daAuts
     D:3: 433 daAuts
     D:1: 192 daAuts
     D:4: 15 daAuts
